 Dungeon Crawl Stone Soup version 0.28.0 (webtiles) character file.

Game seed: 17586696319630865876

5003 sanboga the Cleaver (level 10, -1/64 HPs)
             Began as a Gargoyle Fighter on Feb 15, 2022.
             Was an Initiate of Trog.
             Slain by a manticore (13 damage)
             ... on level 7 of the Dungeon.
             The game lasted 00:14:52 (9895 turns).

sanboga the Cleaver (Gargoyle Fighter)              Turns: 9895, Time: 00:14:52

Health: -1/64      AC: 31    Str: 24    XL:     10   Next: 54%
Magic:  10/10      EV:  7    Int:  9    God:    Trog [......]
Gold:   124        SH:  5    Dex:  9    Spells: 9/9 levels left

rFire   . . .      SeeInvis .   t - +1 hand axe (elec)
rCold   + . .      Faith    .   c - +0 buckler
rNeg    + . .      Spirit   .   g - +0 plate armour
rPois   ∞          Reflect  .   v - +2 helmet
rElec   +          Harm     .   (no cloak)
rCorr   .          Rampage  +   b - +0 pair of gloves "Yryas" {Rampage}
Will    .....                   h - +0 pair of boots
Stlth   ..........              (no amulet)
HPRegen 0.20/turn               m - +4 ring of protection
MPRegen 0.12/turn               i - ring of protection from cold

@: no status effects
A: sickness immunity, AC +7, negative energy resistance 1, electricity
resistance, torment resistance 1, petrification resistance
a: Renounce Religion


You were on level 7 of the Dungeon.
You worshipped Trog.
Trog was noncommittal.
You visited 2 branches of the dungeon, and saw 8 of its levels.

You collected 358 gold pieces.
You spent 234 gold pieces at shops.

Inventory:

Hand Weapons
 a - a +0 war axe
 t - a +1 hand axe of electrocution (weapon)
Armour
 b - the +0 pair of gloves "Yryas" (worn) {Rampage}
   (You found it on level 6 of the Dungeon)

   Rampage:   It bestows one free step when moving towards enemies.
 c - a +0 buckler (worn)
 g - a +0 plate armour (worn)
 h - a +0 pair of boots (worn)
 v - a +2 helmet (worn)
Jewellery
 i - a ring of protection from cold (right hand)
 m - a +4 ring of protection (left hand)
Wands
 p - a wand of acid (7)
 q - a wand of polymorph (8)
Scrolls
 d - a scroll of enchant armour
 f - 2 scrolls of enchant weapon
 k - 2 scrolls of blinking
 l - a scroll of teleportation
 r - a scroll of silence
Potions
 e - a potion of invisibility {unknown}
 o - a potion of flight
 u - a potion of heal wounds


   Skills:
 + Level 8.2 Fighting
 * Level 9.1 Axes
 + Level 8.2 Armour
 + Level 8.2 Shields


You had 9 spell levels left.
You didn't know any spells.
Your spell library contained the following spells:

 Spells                   Type           Power      Damage    Failure   Level
 Animate Skeleton         Necr           0%         N/A       99%         1
 Magic Dart               Conj           0%         1d3       99%         1
 Pain                     Necr           0%         1d4       99%         1
 Vampiric Draining        Necr           0%         2d6       100%        3


Dungeon Overview and Level Annotations

Branches:
Dungeon (7/15)             Temple (1/1) D:6

Altars:
Ashenzari
Cheibriados
Dithmenos
Hepliaklqana
Kikubaaqudgha
Nemelex Xobeh
Qazlal
Ru
Sif Muna
Trog
Vehumet
Xom
Yredelemnul
The Shining One

Shops:
D:3 *


Innate Abilities, Weirdness & Mutations

You are immune to sickness and miasma.
Your stone body is resilient. (AC +7)
You are immune to poison.
You resist negative energy. (rN+)
You are resistant to electric shocks. (rElec)
You are resistant to unholy torment.
You are immune to petrification.


Message History

You slash the troll! Lightning courses through the troll!
You kill the troll!
Trog accepts your kill.
The manticore flicks its tail.
The volley of spikes hits you.
The barbed spikes become lodged in your body.
Okay, then.
Aiming: Corrosive Bolt
Press: ? - help, Shift-Dir - straight line, f - manticore
Aim: a manticore (83% to hit)
The bolt of acid hits the manticore!!
The acid corrodes the manticore!
The manticore is moderately wounded.
You hear a shout!
You hit the manticore.
The manticore is heavily wounded.
The manticore bites you! You block the manticore's attack. x2
You barely miss the manticore.
The manticore is heavily wounded.
The manticore misses you.
The manticore claws you but does no damage.
The manticore claws you.
You hit the manticore.
The manticore is heavily wounded.
The manticore barely misses you.
The manticore claws you but does no damage.
The manticore completely misses you.
You slash the manticore!
The manticore is heavily wounded.
You closely miss the manticore.
The manticore is heavily wounded.
The manticore bites you!
* * * LOW HITPOINT WARNING * * *
The manticore claws you.
* * * LOW HITPOINT WARNING * * *
You block the manticore's attack.
You slash the manticore!
The manticore is severely wounded.
You carefully extract the barbed spikes from your body.
The manticore bites you!
You die...

##....###,**,,,,*,*,#H.*,**,###.=
....###,,*,*,,**,*,#T#**,,,,,,###
..###,,,,***,,*,*,#.#,##,*#####.#
##+,,,,,,,,,,*,*,#.#,#.#,,.......
..###,,,,***,**,#$#,#.#,,*#####.#
....###,,*,*,###.#,#.#*,,,,,,,###
##....###,**,#..#,#.#,,,,**,###..
####...###,,#).##†#*,,*,,###....
###...#####H@.#########.†....
#.#...##.........##...####. ***
#.##...#.#.#.#.#.#..### #.
,,#####....#.##.......##..## #.
,,......(..#..#)#!#.#)#....# ##
*,###########.##.....##....###
*,* #.......#.#.#.#.......# *,*
#.##....##...##..#..#.# ,,*
#.##..#..#.#.#......#.# #


You could see a manticore (corroded).

Vanquished Creatures
  The ghost of Clumpoid the Grappler, a novice TrMo of Xom (D:6)
  A deep elf pyromancer (D:7)
  A troll (D:7)
  Sigmund (D:3)
  A vampire (D:7)
  A wyvern (D:7)
  Duvessa (D:6)
  2 water moccasins
  An orc warrior (D:7)
  A sky beast (D:7)
  A necrophage (D:7)
  A centaur (D:5)
  4 ogres
  3 phantoms
  A kobold brigand (D:6)
  A bullfrog (D:4)
  A wyvern zombie (D:6)
  4 scorpions
  A wyvern skeleton (D:5)
  2 water moccasin skeletons (D:6)
  Dowan (D:6)
  9 killer bees (D:7)
  5 wights (D:7)
  A howler monkey (D:5)
  4 centaur zombies
  A gnoll shaman (D:7)
  A hound (D:6)
  2 jellies (D:5)
  6 orc priests
  Ijyb (D:4)
  Jessica (D:3)
  An orc wizard (D:5)
  An iguana (D:4)
  A killer bee zombie (D:6)
  5 adders
  A worm (D:3)
  5 dart slugs
  13 orcs
  6 ball pythons
  8 endoplasms
  5 giant cockroaches
  6 goblins
  8 hobgoblins
  6 jackals
  11 kobolds
  4 quokkas
  11 bats
  8 rats
162 creatures vanquished.

Vanquished Creatures (others)
  25 plants (D:3)
25 creatures vanquished.

Grand Total: 187 creatures vanquished

Notes
Turn   | Place    | Note
-------+----------+-------------------------------------------
     0 | D:1      | sanboga the Gargoyle Fighter began the quest for the Orb.
     0 | D:1      | Reached XP level 1. HP: 14/14 MP: 1/1
   149 | D:1      | Reached skill level 2 in Axes
   202 | D:1      | Reached XP level 2. HP: 15/19 MP: 2/2
   903 | D:1      | Reached XP level 3. HP: 22/23 MP: 3/3
   943 | D:1      | Found a faded altar of an unknown god.
  1934 | D:2      | Reached XP level 4. HP: 17/29 MP: 4/4
  2583 | D:3      | Found Ponepn's General Store.
  2607 | D:3      | Bought a scroll of teleportation for 36 gold pieces
  2949 | D:3      | Reached skill level 3 in Axes
  3132 | D:3      | Noticed Sigmund
  3145 | D:3      | Killed Sigmund
  3146 | D:3      | Reached XP level 5. HP: 32/34 MP: 5/5
  3146 | D:3      | Reached XP level 6. HP: 37/39 MP: 6/6
  3491 | D:3      | Noticed Jessica
  3621 | D:3      | Killed Jessica
  3877 | D:3      | Reached skill level 4 in Axes
  4318 | D:4      | Noticed Ijyb
  4669 | D:4      | Killed Ijyb
  4670 | D:4      | Reached XP level 7. HP: 44/44 MP: 7/7
  4818 | D:4      | Found a shimmering blue altar of Sif Muna.
  4819 | D:4      | Found an ancient bone altar of Kikubaaqudgha.
  4819 | D:4      | Found a radiant altar of Vehumet.
  4874 | D:4      | Got Vehumet's Catalogue of Battle Magic
  4964 | D:5      | Entered Level 5 of the Dungeon
  5076 | D:5      | Reached skill level 5 in Armour
  5076 | D:5      | Reached skill level 5 in Shields
  5077 | D:5      | Reached skill level 5 in Fighting
  5142 | D:5      | Reached skill level 5 in Axes
  5398 | D:5      | Reached XP level 8. HP: 45/50 MP: 8/8
  5636 | D:5      | Found a basalt altar of Yredelemnul.
  6301 | D:6      | Reached skill level 6 in Axes
  6443 | D:6      | Found a transporter.
  6445 | D:6      | Noticed Clumpoid's ghost (novice TrMo)
  6453 | D:6      | Found a transporter.
  6613 | D:6      | Killed Clumpoid's ghost
  6614 | D:6      | Reached skill level 7 in Axes
  6614 | D:6      | Reached XP level 9. HP: 25/56 MP: 9/9
  7406 | D:3      | Bought a +2 helmet for 198 gold pieces
  7711 | D:6      | Noticed Duvessa
  7711 | D:6      | Noticed Dowan
  7716 | D:6      | Killed Dowan
  7730 | D:6      | Killed Duvessa
  7967 | D:6      | Found a staircase to the Ecumenical Temple.
  7974 | D:6      | Identified the +0 pair of gloves "Yryas" {Rampage}
  8531 | Temple   | Entered the Ecumenical Temple
  8651 | Temple   | Became a worshipper of Trog the Wrathful
  8769 | D:7      | Reached skill level 8 in Axes
  8854 | D:7      | Reached XP level 10. HP: 31/63 MP: 10/10
  9661 | D:7      | Noticed a deep elf pyromancer
  9694 | D:7      | Killed a deep elf pyromancer
  9875 | D:7      | Noticed a manticore
  9883 | D:7      | Reached skill level 9 in Axes
  9895 | D:7      | Slain by a manticore

Illustrated notes

Levels and vault maps discovered:
D:1:      eino_arrival_cavern_e, layout_loops_ring, basic_ecumenical_altar
D:2:      layout_basic
D:3:      wad_lake_hut, layout_basic, serial_shops, shop, uniq_sigmund,
          uniq_jessica
D:4:      layout_rooms, grunt_temple_overflow_magic_moments, uniq_ijyb
D:5:      layout_basic, mainiacjoe_overflow_surrounded_room
D:6:      layout_basic, minmay_temple_entry_proselytizer, gammafunk_ghost_smash,
          uniq_duvessa
D:7:      minmay_the_grid_four_pointed_star
          [minmay_the_grid_triangle_9x9_sparse_checkered,
          minmay_the_grid_triangle_9x9_warning,
          minmay_the_grid_triangle_9x9_minimal,
          minmay_the_grid_triangle_9x9_from_above,
          minmay_the_grid_prize_four_corners_diamond_b], layout_loops_cross,
          amcnicky_altar_gilded, grunt_ministairs_15
Temple:   jpeg_temple_alley_garden

Skill      XL: |  1  2  3  4  5  6  7  8  9 10 |
---------------+-------------------------------+-----
Axes           | 2 3 4 5 7 8 9 |  9.1
Fighting       | 4 5 6 7 8 |  8.2
Armour         | 4 5 6 7 8 |  8.2
Shields        | 4 5 6 7 8 |  8.2

Action                   |  1- 3 |  4- 6 |  7- 9 | 10-12 || total
-------------------------+-------+-------+-------+-------++-------
Melee: War axe           |   123 |   148 |   131 |       ||   402
       Unarmed           |       |     2 |       |       ||     2
       Hand axe          |       |       |   209 |   150 ||   359
Evoke: Wand              |       |       |       |     1 ||     1
  Use: Potion            |       |     1 |     1 |     2 ||     4
       Scroll            |       |       |    10 |     2 ||    12
Armor: Scale mail        |    93 |    88 |       |       ||   181
       Chain mail        |       |    13 |   257 |     5 ||   275
       Plate armour      |       |       |       |   113 ||   113
Dodge: Dodged            |    75 |    72 |   125 |    41 ||   313
Block: Buckler           |    25 |    28 |    71 |    37 ||   161
